 Dungeon Crawl Stone Soup version 0.21-a0-442-g848f44b (webtiles) character file.

2672 qqqbard the Cudgeler (level 9, -3/55 HPs)
             Began as a Gargoyle Fighter on Nov 13, 2017.
             Was an Elder of Lugonu.
             Slain by a two-headed ogre
             ... wielding a +0 giant club
              (15 damage)
             ... on level 8 of the Dungeon.
             The game lasted 00:09:51 (6247 turns).

qqqbard the Cudgeler (Gargoyle Fighter)             Turns: 6247, Time: 00:09:52

Health: -3/55      AC: 21    Str: 22    XL:     9   Next: 63%
Magic:  12/12      EV:  6    Int: 12    God:    Lugonu [****..]
Gold:   451        SH: 10    Dex:  9    Spells: 8/8 levels left

rFire    . . .     SeeInvis .   k - +2 mace (crush)
rCold    . . .     Gourm    +   c - +0 shield
rNeg     + . .     Faith    .   j - +1 plate armour
rPois    ∞         Spirit   .   (no helmet)
rElec    +         Reflect  .   (no cloak)
rCorr    .         Harm     .   y - +0 pair of gloves
MR       .....                  (no boots)
Stlth    ..........             B - amulet of the gourmand
HPRegen  0.18/turn              h - ring of stealth
MPRegen  0.13/turn              a - +2 ring of intelligence

@: marked
A: negative energy resistance 1, electricity resistance, unbreathing,
petrification resistance, rot immunity, AC +6
a: Depart the Abyss, Bend Space, Banish, Corrupt, Renounce Religion


You were on level 8 of the Dungeon.
You worshipped Lugonu.
Lugonu was greatly pleased with you.
You were very hungry.

You visited 2 branches of the dungeon, and saw 9 of its levels.
You also visited: Sewer.

You collected 451 gold pieces.

Inventory:

Hand Weapons
 k - a +2 mace of crushing (weapon)
Armour
 c - a +0 shield (worn)
 j - a +1 plate armour (worn)
 y - a +0 pair of gloves (worn)
Jewellery
 a - a +2 ring of intelligence (right hand)
 h - a ring of stealth (left hand)
 B - an amulet of the gourmand (around neck)
 E - an uncursed ring of positive energy {unknown}
 F - an uncursed ring of flight {unknown}
Wands
 b - a wand of random effects (16/48)
 I - a wand of lightning (4/15)
Scrolls
 e - 2 scrolls of blinking {unknown}
 i - 3 scrolls of enchant armour
 l - a scroll of amnesia {unknown}
 m - 3 scrolls of remove curse
 q - 3 scrolls of fear {unknown}
 t - 3 scrolls of identify
 w - 5 scrolls of fog {unknown}
 z - a scroll of recharging {unknown}
 A - a scroll of teleportation {unknown}
 C - 2 scrolls of magic mapping {unknown}
 G - 2 scrolls of noise {unknown}
Potions
 d - 4 potions of might
 n - 2 potions of mutation {unknown}
 o - 3 potions of heal wounds {unknown}
 p - a potion of degeneration {unknown}
 u - 2 potions of lignification {unknown}
 v - a potion of resistance {unknown}
 x - a potion of brilliance {unknown}
 D - 6 potions of curing {unknown}
Comestibles
 f - 6 bread rations
 g - 3 meat rations
 r - 12 fruits
 s - 3 royal jellies


   Skills:
 + Level 6.2 Fighting
 * Level 7.2 Maces & Flails
 + Level 6.0 Armour
 + Level 3.8 Dodging
 + Level 6.2 Shields
 * Level 5.2 Invocations


You had 8 spell levels left.
You didn't know any spells.

Dungeon Overview and Level Annotations

Branches:
Dungeon (8/15)             Temple (1/1) D:4
   Lair: D:8-11

Altars:
Cheibriados
Dithmenos
Elyvilon
Gozag
Hepliaklqana
Kikubaaqudgha
Makhleb
Okawaru
Qazlal
Sif Muna
Trog
Uskayaw
Vehumet
Wu Jian
Xom
Zin
Lugonu

Shops:
D:5 [   D:7 *


Innate Abilities, Weirdness & Mutations

You are resistant to torment.
Your stone body is resilient. (AC +6)
You are immune to poison.
You resist negative energy. (rN+)
You are resistant to electric shocks. (rElec)
You can survive without breathing.
You are immune to petrification.
You are immune to rotting.


Message History

A worker ant and a kobold come into view.
Your plate armour prevents you from hitting the adder.
The adder closely misses you. The hungry ghost hits you.
You feel a lot more hungry.
You thump the two-headed ogre!
The two-headed ogre is moderately wounded.
The hungry ghost hits you.
You feel a lot more hungry.
A kobold comes into view.
You hit the two-headed ogre.
The two-headed ogre is moderately wounded.
The hungry ghost hits you.
You are feeling very hungry.
The two-headed ogre hits you with a giant club!
* * * LOW HITPOINT WARNING * * *
The two-headed ogre barely misses you. The hungry ghost hits you.
You feel quite a bit more hungry.
Your plate armour prevents you from hitting the two-headed ogre.
The two-headed ogre is moderately wounded.
The two-headed ogre hits you with a giant club!
You die...

.#$# #..#... #........
.......... o.........
###.#########.o.......
#...SoW@OScl5c........
####Z######Fa.........
#...........
#....!......
####.........
#............
#.............
#...##..!...... #..#
##..#....#


You could see a two-headed ogre, a hungry ghost, a bullfrog, 2 centaurs, an
iguana, a worker ant, an orc wizard, a crimson imp, 2 adders, an orc and a hound
skeleton.

Vanquished Creatures
  The ghost of being54 the Gusty, a novice TeAE (D:5)
  A hippogriff (D:7)
  Sigmund (D:2)
  An orc warrior (D:7)
  3 ogres
  3 centaurs (D:5)
  3 bullfrogs
  A wyvern skeleton (D:6)
  3 scorpions
  6 killer bees (D:7)
  The ghost of qqqbard the Shield-Bearer, a weakling GrFi (D:3)
  A bullfrog zombie (D:5)
  A quasit (D:7)
  2 centaur skeletons (D:7)
  A bullfrog skeleton (D:5)
  Terence (D:2)
  2 iguanas (D:4)
  An orc wizard (D:7)
  7 worker ants
  Robin (D:4)
  6 gnolls
  11 adders
  4 river rats
  2 shadow imps
  4 oozes
  2 worms
  6 dart slugs
  3 leopard geckos
  17 orcs
  10 giant cockroaches
  19 goblins
  12 hobgoblins
  10 jackals
  4 quokkas
  17 ball pythons
  10 bats
  8 frilled lizards
  7 kobolds
  A quokka skeleton (D:8)
  36 rats
230 creatures vanquished.

Vanquished Creatures (others)
  An orc wizard (D:7)
1 creature vanquished.

Grand Total: 231 creatures vanquished

Notes
Turn   | Place    | Note
-------+----------+-------------------------------------------
     0 | D:1      | qqqbard the Gargoyle Fighter began the quest for the Orb.
     0 | D:1      | Reached XP level 1. HP: 14/14 MP: 1/1
    54 | D:1      | Reached XP level 2. HP: 11/19 MP: 2/2
   273 | D:1      | Reached XP level 3. HP: 22/23 MP: 3/3
   861 | D:2      | Noticed Sigmund
   877 | D:2      | Killed Sigmund
   877 | D:2      | Reached skill level 3 in Maces & Flails
   877 | D:2      | Reached skill level 1 in Dodging
   877 | D:2      | Reached XP level 4. HP: 16/29 MP: 4/4
   877 | D:2      | Reached XP level 5. HP: 18/33 MP: 5/5
   896 | D:2      | Noticed Terence
   906 | D:2      | Killed Terence
   906 | D:2      | Reached XP level 6. HP: 18/38 MP: 6/6
   991 | D:2      | Found an iron altar of Okawaru.
  1048 | D:2      | Found an opulent altar of Gozag.
  1197 | D:2      | Reached skill level 4 in Maces & Flails
  1670 | D:3      | Noticed qqqbard's ghost (weakling GrFi)
  2088 | D:3      | Found an ornate altar of the Wu Jian Council.
  2118 | D:3      | Found a deep blue altar of Sif Muna.
  2231 | D:3      | Killed qqqbard's ghost
  2231 | D:3      | Reached XP level 7. HP: 4/44 MP: 7/7
  2793 | D:4      | Noticed Robin
  2817 | D:4      | Killed Robin
  2887 | D:4      | Reached skill level 5 in Maces & Flails
  2952 | D:4      | Found a staircase to the Ecumenical Temple.
  2958 | Temple   | Entered the Ecumenical Temple
  2989 | Temple   | Became a worshipper of Lugonu the Unformed
  2989 | Temple   | Reached * piety under Lugonu
  3163 | D:4      | Reached skill level 5 in Shields
  3163 | D:4      | Reached skill level 1 in Invocations
  3299 | D:4      | Found a hazy altar of Hepliaklqana.
  3309 | D:4      | Found a shimmering altar of Xom.
  3310 | D:4      | Noticed a spectral ugly thing
  3398 | D:5      | Entered Level 5 of the Dungeon
  3421 | D:5      | Reached skill level 5 in Fighting
  3421 | D:5      | Reached XP level 8. HP: 37/49 MP: 7/9
  3489 | D:5      | Reached skill level 5 in Armour
  3510 | D:5      | Noticed a water elemental
  3512 | D:5      | Found a stormy altar of Qazlal.
  3515 | D:5      | Noticed an air elemental
  3554 | D:5      | Found a glowing drain.
  3569 | D:5      | Reached ** piety under Lugonu
  3588 | Sewer    | Entered a sewer
  3872 | Sewer    | Reached *** piety under Lugonu
  4158 | D:5      | Noticed being54's ghost (novice TeAE)
  4178 | D:5      | Killed being54's ghost
  4178 | D:5      | Reached skill level 6 in Maces & Flails
  4294 | D:5      | Found Caont's Armour Emporium.
  4750 | D:6      | Reached XP level 9. HP: 55/55 MP: 11/11
  5479 | D:7      | Found Vogotir's General Store.
  5488 | D:7      | Reached skill level 7 in Maces & Flails
  5576 | D:7      | Reached skill level 5 in Invocations
  5766 | D:7      | Reached **** piety under Lugonu
  6233 | D:8      | Noticed a two-headed ogre
  6247 | D:8      | Slain by a two-headed ogre

Vault maps used:
D:1:      scummos_arrival_hexagon, minivault_27, minmay_misc_feat_roman,
          st_stairs_6, minmay_fountain_box, minmay_liquid_box,
          minmay_pentomino_u2
D:2:      grunt_gozag_statues, okawaru_altar_gauntlet_db,
          kennysheep_flooded_box, uniq_sigmund, uniq_terence
D:3:      lemuel_doored_altar, nicolae_overflow_crystal_walls
D:4:      regret_index_temple_of_mockery, temple_statues,
          minmay_strange_pillars, uniq_robin
D:5:      nicolae_qazlal_style_of_elements, serial_shops, shop, first_bread,
          cheibrodos_sewer_entry_sluice
D:7:      serial_shops, nicolae_shop_window_shopping
D:8:      minmay_four_partial_circles, grunt_temple_overflow_holy_war,
          marbit_many_paths, gammafunk_temple_overflow_elements
Temple:   corrupted_temple
Sewer:    sewer_minmay_w

Skill      XL: |  1  2  3  4  5  6  7  8  9 |
---------------+----------------------------+-----
Fighting       | 4 5 6 |  6.2
Maces & Flails | 3 4 5 6 7 |  7.2
Armour         | 4 5 6 |  6.0
Dodging        | 1 2 3 |  3.8
Shields        | 4 5 6 |  6.2
Invocations    | 1 3 5 |  5.2

Action                   |  1- 3 |  4- 6 |  7- 9 || total
-------------------------+-------+-------+-------++-------
Melee: Flail             |    65 |       |       ||    65
       Mace              |    57 |   144 |   596 ||   797
  Use: Potion            |       |     1 |       ||     1
       Scroll            |       |       |     4 ||     4
 Stab: Invisible         |       |       |     1 ||     1
  Eat: Chunk             |       |     5 |    29 ||    34
Armor: Scale mail        |    81 |    93 |   251 ||   425
       Plate armour      |       |       |   249 ||   249
Dodge: Dodged            |    56 |    71 |   272 ||   399
Block: Shield            |    78 |    99 |   437 ||   614

Table legend:
 A = Spawn XP
 B = Non-spawn XP
 C = Spawn XP percentage of total XP
 D = Spawn monster count
 E = Non-spawn monster count
 F = Spawn count percentage of total count
 G = Total turns spent on level
                    A         B        C        D         E        F      G
               +---------+---------+-------+---------+---------+-------+---------
         Total |       0 |    3818 |   0.0 |       0 |     231 |   0.0 |  6247
               +---------+---------+-------+---------+---------+-------+---------
           D:1 |       0 |      57 |   0.0 |       0 |      33 |   0.0 |   664
           D:2 |       0 |     297 |   0.0 |       0 |      24 |   0.0 |  1160
           D:3 |       0 |     321 |   0.0 |       0 |      37 |   0.0 |   889
           D:4 |       0 |     442 |   0.0 |       0 |      31 |   0.0 |   638
           D:5 |       0 |     812 |   0.0 |       0 |      16 |   0.0 |   675
           D:6 |       0 |     227 |   0.0 |       0 |       8 |   0.0 |   715
           D:7 |       0 |    1214 |   0.0 |       0 |      29 |   0.0 |   949
           D:8 |       0 |     146 |   0.0 |       0 |       5 |   0.0 |    46
         Sewer |       0 |     302 |   0.0 |       0 |      48 |   0.0 |   464
               +---------+---------+-------+---------+---------+-------+---------
